AoeStats
← Adrian

Arena

510109622Analyzed
1v1 RM · 1d ago on Sep 29, 2026· 48m 57s· 2 players
Game mode
Random Map
Map size
Tiny (2 player)
Population
200
Speed
Normal
Resources
Standard
Victory
Conquest
Starting age
Dark Age
Ending age
Imperial Age
RankedLock teamsTeams togetherTeam positionsShared explorationLock speedFull tech treeHidden civsTurbo modeCheats
Victory
Defeat
🇪🇸 Bulgarians · Spain
390
+17
🇷🇴 Berbers · Romania
416
-17
srkyt9
11:04 Feudal Age
11:25 Horse Collar
12:36 Double-Bit Axe
19:32 Wheelbarrow
22:04 Castle Age
20:25 Town Watch
27:12 Bow Saw
27:06 Heavy Plow
27:10 Town Patrol
30:24 Masonry
30:36 Ballistics
31:18 Murder Holes
31:51 Fletching
32:07 Scale Barding Armor
32:48 Hand Cart
33:53 Forging
37:53 Imperial Age
41:07 Chemistry
40:39 Architecture
41:26 Siege Engineers
42:42 Stirrups
45:20 Chain Barding Armor
45:39 Iron Casting
45:17 Guard Tower
46:36 Elite Konnik
Adrian
12:35 Feudal Age
14:59 Wheelbarrow
14:18 Double-Bit Axe
14:34 Arson
15:48 Gold Mining
21:59 Castle Age
23:49 Gold Shaft Mining
23:09 Stone Mining
23:48 Squires
24:26 Hand Cart
25:00 Bow Saw
26:01 Horse Collar
27:50 Gold Shaft Mining
27:20 Heavy Plow
32:39 Loom
32:40 Town Watch
33:20 Thumb Ring
33:01 Crossbowman
39:09 Imperial Age
37:54 Pikeman
38:35 Squires
40:23 Town Patrol
41:37 Crop Rotation
41:32 Elite Genitour
41:54 Capped Ram
45:11 Town Patrol
45:50 Gold Shaft Mining
45:51 Stone Shaft Mining
45:12 Fletching
Connection lost

Rejoining the realm…

Still unreachable

The connection could not be restored.

Session expired

The server has moved on; the page needs a fresh start.